 Dungeon Crawl Stone Soup version 0.20.0-15-g7f486f2 (webtiles) character file.

3304 Laraso the Purveyor of Pain (level 10, 0/44 HPs)
             Began as a Vine Stalker Necromancer on June 11, 2017.
             Was an Initiate of Kikubaaqudgha.
             Slain by a yak (14 damage)
             ... on level 7 of the Dungeon.
             The game lasted 00:19:50 (8782 turns).

Laraso the Purveyor of Pain (VSNe)                  Turns: 8782, Time: 00:19:50

Health: 0/44       AC:  5    Str: 13    XL:     10   Next: 1%
Magic:  0/20       EV: 12    Int: 18    God:    Kikubaaqudgha [......]
Gold:   48         SH:  0    Dex: 15    Spells: 5/21 levels left

rFire    + . .     SeeInvis +   a - +10 mace of the Foot {distort, rF+ Str+2 SInv}
rCold    . . .     Gourm    .   (no shield)
rNeg     + . .     Faith    .   p - +2 robe of the Sacrificial Victim {rPois}
rPois    +         Spirit   +   w - +0 helmet
rElec    .         Reflect  .   y - scarf {repulsion}
rCorr    .         Harm     .   (no gloves)
MR       +....                  (no boots)
Stlth    +++.......             h - amulet "Fioh" {RegenMP Stlth+}
Regen    0.6/turn               x - ring of positive energy
MPRegen  0.3/turn               (no ring)

@: repel missiles
A: fangs 3, regeneration 1, magic shield, antimagic bite, no potion heal 3, rot
immunity
a: Renounce Religion


You were on level 7 of the Dungeon.
You worshipped Kikubaaqudgha.
Kikubaaqudgha was noncommittal.
You were hungry.

You visited 2 branches of the dungeon, and saw 9 of its levels.

You collected 367 gold pieces.
You spent 319 gold pieces at shops.

Inventory:

Hand Weapons
 a - the +10 mace of the Foot (weapon) {distort, rF+ Str+2 SInv}
   (You found it on level 5 of the Dungeon)

   It warps and distorts space around it.
   Unwielding it can cause banishment or high damage.
   It affects your strength (+2).
   It protects you from fire.
   It lets you see invisible.
Armour
 p - the +2 robe of the Sacrificial Victim (worn) {rPois}
   (You bought it in a shop on level 4 of the Dungeon)

   It protects you from poison.
 w - a +0 helmet (worn)
 y - a scarf of repulsion (worn)
Jewellery
 h - the amulet "Fioh" (around neck) {RegenMP Stlth+}
   (You found it on level 4 of the Dungeon)

   [amulet of magic regeneration]

   It increases your magic regeneration.
   It makes you more stealthy.
 m - an uncursed ring of ice
 x - a ring of positive energy (left hand)
Wands
 e - a wand of flame (33/48)
 i - a wand of iceblast (13/15)
Scrolls
 b - a scroll of fog
 d - a scroll of blinking
 l - 2 scrolls of remove curse
 r - 2 scrolls of enchant armour
 s - a scroll of magic mapping
 v - a scroll of teleportation
 z - a scroll of amnesia
 A - 2 scrolls of identify
Potions
 j - 2 potions of lignification
 k - a potion of mutation {unknown}
 n - a potion of invisibility
 o - a potion of flight {unknown}
 q - 4 potions of curing
 t - a potion of haste {unknown}
Comestibles
 c - 9 bread rations
 f - 6 fruits
 g - 5 royal jellies
 u - 3 meat rations
 B - 2 chunks of flesh


   Skills:
 - Level 6.0 Maces & Flails
 - Level 1.5 Dodging
 - Level 2.4 Stealth
 - Level 6.3 Spellcasting
 * Level 11.1 Necromancy


You had 5 spell levels left.
You knew the following spells:

 Your Spells              Type           Power        Failure   Level  Hunger
a - Pain                  Necr           ####         1%          1    None
b - Animate Skeleton      Necr           N/A          1%          1    None
c - Vampiric Draining     Necr           #####.....   1%          3    ##.....
d - Animate Dead          Necr           N/A          1%          4    ####...
e - Control Undead        Necr           #####.....   1%          4    ####...
w - Regeneration          Chrm/Necr      ####......   3%          3    ##.....


Dungeon Overview and Level Annotations

Branches:
Dungeon (8/15)             Temple (1/1) D:6            Lair (0/6) D:8

Altars:
Ashenzari
Cheibriados
Dithmenos
Elyvilon
Fedhas
Gozag
Hepliaklqana
Kikubaaqudgha
Makhleb
Nemelex Xobeh
Okawaru
Qazlal
Ru
Sif Muna
Trog
Uskayaw
Vehumet
Xom
Zin

Shops:
D:4 (%*=[   D:7 [[[


Innate Abilities, Weirdness & Mutations

You have razor-sharp teeth.
Your natural rate of healing is unusually fast.
When hurt, damage is shared between your health and your magic reserves.
Your bite disrupts and absorbs the magic of your enemies.
Potions cannot restore your health.
You are immune to rotting.


Message History

The yak snorts and paws the ground.
The two-headed ogre shouts in stereo!
The yak snorts and paws the ground.
The yak gores you!
* * * LOW HITPOINT WARNING * * *
The yak closely misses you.
You hear the creaking of a distant portcullis.
The yak closely misses you.
You are feeling hungry.
Things that are here:
a dagger; a robe You hear the creaking of a distant portcullis.
There is an open door here.
There is a stone staircase leading up here.
The yak gores you!
You climb upwards.
There is a stone staircase leading down here.
Casting: Vampiric Draining
Confirm with . or Enter, or press ? or * to list all spells.
Aiming: Vampiric Draining
Press: ? - help, Shift-Dir - straight line, f - yak
Aim: a yak The yak is moderately wounded.
You feel life coursing into your body. The yak gores you!
Casting: Vampiric Draining
Confirm with . or Enter, or press ? or * to list all spells.
Aiming: Vampiric Draining
Press: ? - help, Shift-Dir - straight line, f/p - yak
Aim: a yak (moderately wounded)
The yak is heavily wounded.
You feel life coursing into your body.
* * * LOW MAGIC WARNING * * *
The yak barely misses you.
You hit the yak but do no damage.
The yak is heavily wounded.
The yak blinks!
A yak is nearby!
The yak gores you!
* * * LOW MAGIC WARNING * * *;
* * * LOW HITPOINT WARNING * * *
You thump the yak!
Space warps horribly around the yak!
Your bite misses the yak.
The yak is almost dead.
The yak gores you!
* * * LOW MAGIC WARNING * * *;
* * * LOW HITPOINT WARNING * * *
Casting: Vampiric Draining
Confirm with . or Enter, or press ? or * to list all spells.
You don't have enough magic to cast that spell.
Unknown command.
There is a stone staircase leading down, spattered with blood here.
Casting: Vampiric Draining
Confirm with . or Enter, or press ? or * to list all spells.
Aiming: Pain
Press: ? - help, Shift-Dir - straight line, f/p - yak
Aim: a yak (almost dead, chance to defeat MR: 84%)
The yak writhes in agony!
* * * LOW MAGIC WARNING * * *
The yak gores you!
* * * LOW MAGIC WARNING * * *
You die...
Kikubaaqudgha rasps: "You have failed me!
Welcome... death!"

#.# ###.###.##### #.#
########.###.# #.#
#........(##∩# #.#
#.#######.##.# ##### #.#
#.# #.##.#
....#######.####.#
#.##.#####
#ZZZ.............#
#........#
..#.#######...##.#
#.######.# ###[# ###.##@#
#.#### #.# #.#
#.##Y#######....###.# #.#
#.##.........[....#.. #.#
#.######...^.......#. #.#
######.######.....^^....^.
#.#
#.........................
#.#
#.##.#.>####^.....^.......
###.####.##.#..#
##......^.....^^
............#..#
#.......^.......


You could see a yak.

Vanquished Creatures
  A human (D:7)
  4 hogs (D:7)
  A porcupine (D:8)
  2 black bears (D:7)
  An ice beast (D:6)
  A sky beast (D:5)
  2 ogres
  2 centaurs
  7 bullfrogs
  3 scorpions
  3 wights (D:5)
  2 howler monkeys (D:5)
  A crimson imp (D:5)
  A hound (D:5)
  A jelly (D:5)
  2 orc wizards
  A gnoll shaman (D:7)
  6 orc priests
  Crazy Yiuf (D:5)
  Jessica (D:2)
  2 iguanas
  Terence (D:2)
  2 worker ants
  A hound zombie (D:4)
  A worker ant zombie (D:6)
  13 gnolls
  10 adders
  A shadow imp (D:5)
  An adder skeleton (D:3)
  4 worms
  3 dart slugs
  9 leopard geckos
  25 orcs
  10 giant cockroaches
  6 hobgoblins
  18 jackals
  A quokka (D:4)
  A ball python (D:2)
  10 bats
  4 frilled lizards
  A giant cockroach zombie (D:2)
  7 goblins
  6 kobolds
  A leopard gecko zombie (D:6)
  A quokka skeleton (D:6)
  6 rats
188 creatures vanquished.

Vanquished Creatures (collateral kills)
  2 gnolls
  2 jackals
4 creatures vanquished.

Vanquished Creatures (others)
  A scorpion (D:8)
  A quasit (D:8)
  3 fungi (D:8)
5 creatures vanquished.

Grand Total: 197 creatures vanquished

Notes
Turn   | Place    | Note
-------+----------+-------------------------------------------
     0 | D:1      | Laraso the Vine Stalker Necromancer began the quest for the Orb.
     0 | D:1      | Reached XP level 1. HP: 9/9 MP: 4/4
   291 | D:1      | Reached XP level 2. HP: 6/13 MP: 1/6
  1244 | D:1      | Reached XP level 3. HP: 16/16 MP: 4/7
  1247 | D:1      | Learned a level 1 spell: Animate Skeleton
  1251 | D:1      | Learned a level 3 spell: Regeneration
  1465 | D:2      | Reached skill level 5 in Necromancy
  1839 | D:2      | Noticed Terence
  1848 | D:2      | Killed Terence
  1848 | D:2      | Gained mutation: Your natural rate of healing is unusually fast. [Vine Stalker growth]
  1848 | D:2      | Reached XP level 4. HP: 16/21 MP: 1/8
  1964 | D:2      | Reached skill level 6 in Necromancy
  2201 | D:2      | Reached XP level 5. HP: 19/24 MP: 3/9
  2284 | D:2      | Learned a level 3 spell: Vampiric Draining
  2420 | D:2      | Noticed Jessica
  2424 | D:2      | Killed Jessica
  3170 | D:3      | OgrelordShrek: Trash
  3225 | D:2      | Reached skill level 7 in Necromancy
  3225 | D:2      | Reached XP level 6. HP: 26/28 MP: 5/10
  3297 | D:3      | OgrelordShrek: Everyone who doesn't play ogres to nerf themselves is trash
  3691 | D:3      | OgrelordShrek: You're playing a necromancer right?
  3904 | D:4      | Found Jasir's Antique Armour Boutique.
  3912 | D:4      | OgrelordShrek: I tried doing that
  3945 | D:4      | OgrelordShrek: As a vampire
  4111 | D:4      | Found Fany's Food Shop.
  4294 | D:4      | Found Soziohuxt's Jewellery Shop.
  4302 | D:4      | OgrelordShrek: That run didn't last long considering I couldn't figure out the spell button
  4333 | D:4      | Reached skill level 8 in Necromancy
  4411 | D:4      | Found Ongonupu's General Store.
  4445 | D:4      | Bought a transparent robe for 136 gold pieces
  4455 | D:4      | Identified the +2 robe of the Sacrificial Victim {rPois} (You bought it in a shop on level 4 of the Dungeon)
  4609 | D:4      | Got a coiled bone amulet
  4630 | D:4      | Found Reriofap's Antique Weapon Boutique.
  4653 | D:4      | OgrelordShrek: Like I'm actually sad that Ogres are as bad as they are now because I never got a chance to use giant clubs
  4940 | D:5      | Entered Level 5 of the Dungeon
  5002 | D:5      | OgrelordShrek: Shouldn't trolls just use their claws?
  5027 | D:5      | Found a runed door.
  5028 | D:5      | Got a slimy mace
  5029 | D:5      | Identified the +10 mace of the Foot {distort, rF+ Str+2 SInv} (You found it on level 5 of the Dungeon)
  5035 | D:5      | Noticed Crazy Yiuf
  5039 | D:5      | Killed Crazy Yiuf
  5039 | D:5      | Reached XP level 7. HP: 30/32 MP: 6/12
  5082 | D:5      | Identified the amulet "Fioh" {RegenMP Stlth+} (You found it on level 4 of the Dungeon)
  5111 | D:5      | OgrelordShrek: Literally nothing but their claws?
  5162 | D:5      | Reached skill level 3 in Spellcasting
  5295 | D:5      | Reached skill level 4 in Spellcasting
  5418 | D:5      | Reached skill level 5 in Spellcasting
  5420 | D:5      | OgrelordShrek: When's the tourny ending?
  5440 | D:5      | OgrelordShrek: June 20th right?
  5489 | D:5      | Gained mutation: You have razor-sharp teeth. [Vine Stalker growth]
  5489 | D:5      | Reached XP level 8. HP: 36/36 MP: 17/17
  5494 | D:5      | Reached skill level 6 in Spellcasting
  5562 | D:5      | Reached skill level 1 in Maces & Flails
  5596 | D:5      | OgrelordShrek: Have you ever wanted to break your teeth eating soup?
  5596 | D:5      | OgrelordShrek: Then add some stone to your soup
  5596 | D:5      | OgrelordShrek: It'll give it a REEAL nice crunch
  5687 | D:5      | Reached skill level 2 in Maces & Flails
  5886 | D:5      | Reached skill level 3 in Maces & Flails
  5940 | D:5      | Learned a level 4 spell: Animate Dead
  5945 | D:5      | Learned a level 4 spell: Control Undead
  5948 | D:5      | OgrelordShrek: YOU get to go to the abyss, and YOU get to go to the abyss, everyone get's to go to the abyss?
  6038 | D:6      | Reached skill level 4 in Maces & Flails
  6168 | D:6      | Reached skill level 5 in Maces & Flails
  6315 | D:6      | Reached XP level 9. HP: 39/39 MP: 13/19
  6357 | D:6      | Found a staircase to the Ecumenical Temple.
  6408 | Temple   | Entered the Ecumenical Temple
  6601 | Temple   | Became a worshipper of Kikubaaqudgha
  6821 | D:6      | Reached skill level 6 in Maces & Flails
  6979 | D:6      | Found a burning altar of Makhleb.
  6979 | D:6      | Noticed a balrug
  6983 | D:6      | Noticed a hellwing
  6983 | D:6      | Noticed an orange demon
  7314 | D:5      | OgrelordShrek: Same
  7515 | D:7      | HP: 14/39 [gnoll/enchanted halberd (3)]
  7730 | D:7      | Reached skill level 9 in Necromancy
  7814 | D:7      | Found Kucheror's Antique Armour Shop.
  7818 | D:7      | Bought a helmet for 117 gold pieces
  7975 | D:7      | Reached skill level 10 in Necromancy
  8208 | D:7      | Found Poteliu's Antique Armour Emporium.
  8216 | D:7      | Bought a runed robe for 66 gold pieces
  8272 | D:7      | Found Akimmono's Antique Armour Boutique.
  8282 | D:7      | Found an iron altar of Okawaru.
  8464 | D:8      | HP: 15/39 [bullfrog (4)]
  8469 | D:8      | Reached skill level 11 in Necromancy
  8612 | D:8      | Reached XP level 10. HP: 42/44 MP: 20/20
  8647 | D:8      | Found a staircase to the Lair.
  8663 | D:8      | HP: 13/44 [yak (12)]
  8681 | D:8      | HP: 10/44 [yak (12)]
  8711 | D:8      | Noticed a two-headed ogre
  8779 | D:7      | HP: 14/44 [yak (11)]
  8782 | D:7      | Slain by a yak

Skill      XL: |  1  2  3  4  5  6  7  8  9 |
---------------+----------------------------+-----
Necromancy     | 5 6 7 8 11 | 11.1
Spellcasting   | 5 6 |  6.3
Maces & Flails | 5 6 |  6.0
Dodging        | |  1.5
Stealth        | |  2.4

Action                   |  1- 3 |  4- 6 |  7- 9 | 10-12 || total
-------------------------+-------+-------+-------+-------++-------
Melee: Mace              |     7 |       |   192 |     7 ||   206
       Dagger            |     8 |   143 |       |       ||   151
       Bite              |       |    34 |    38 |     1 ||    73
 Cast: Pain              |    44 |    69 |    24 |     1 ||   138
       Animate Skeleton  |     4 |     7 |    12 |     1 ||    24
       Animate Dead      |       |       |    11 |     1 ||    12
       Control Undead    |       |       |     1 |       ||     1
       Vampiric Draining |       |       |       |     3 ||     3
  Use: Scroll            |     5 |     9 |     4 |     1 ||    19
 Stab: Sleeping          |       |     5 |     9 |       ||    14
       Distracted        |       |     1 |     1 |       ||     2
  Eat: Chunk             |     3 |    12 |    13 |       ||    28
Armor: Robe              |     2 |    27 |    45 |       ||    74
Dodge: Dodged            |    21 |   106 |   101 |     5 ||   233

Table legend:
 A = Kills in this place as a percentage of kills in entire the game.
 B = Kills by you in this place as a percentage of kills by you in the entire game.
 C = Kills by friends in this place as a percentage of kills by friends in the entire game.
 D = Other kills in this place as a percentage of other kills in the entire game.
 E = Experience gained in this place as a percentage of experience gained in the entire game.
 F = Experience gained in this place divided by the number of levels of this place that you have seen.
                   A       B       C       D       E      F
               +-------+-------+-------+-------+-------+----------------------
         Total | 100.0 | 100.0 | 100.0 | 100.0 | 100.0 | 524.4
       Dungeon | 100.0 | 100.0 | 100.0 | 100.0 | 100.0 | 590.0
               +-------+-------+-------+-------+-------+----------------------

Table legend:
 A = Turns spent in this place as a percentage of turns spent in the entire game.
 B = Non-inter-level travel turns spent in this place as a percentage of non-inter-level travel turns spent in the entire game.
 C = Inter-level travel turns spent in this place as a percentage of turns spent in this place.
 D = Turns resting spent in this place as a percentage of non-inter-level travel turns spent in this place.
 E = Turns spent auto-exploring this place as a percentage of non-inter-level travel turns spent in this place.
 F = Non-inter-level travel turns spent in this place divided by the number of levels of this place that you've seen.
                   A       B       C       D       E      F
               +-------+-------+-------+-------+-------+----------------------
         Total | 100.0 | 100.0 |   0.6 |   5.1 |  10.3 | 311.0
       Dungeon |  99.0 |  99.0 |   0.6 |   5.2 |   9.6 | 346.4
        Temple |   1.0 |   1.0 |   3.4 |   0.0 |  78.6 |  28.0
               +-------+-------+-------+-------+-------+----------------------

Vault maps used:
D:1:      scummos_arrival_simple_crosswalls, amethyst_killhole
D:2:      first_bread, uniq_terence, uniq_jessica
D:4:      serial_shops, nicolae_shop_waterfront, kennysheep_little_box, shop,
          shop, shop
D:5:      uniq_crazy_yiuf_cottage
D:6:      makhleb_altar_promises_db, minmay_temple_entry_hall
D:7:      basic_altar, serial_shops, nicolae_shop_statue_plus, kennysheep_mini,
          shop, minmay_holes, grunt_livestock, st_stairs_1
D:8:      due_lair_maze_entry_diamond, enter_bailey_2
Temple:   dpeg_five_rooms_temple
